 Dungeon Crawl Stone Soup version 0.31-a0-222-gefeffbb62a (webtiles) character file.

Game seed: 11958387681387657350

56536 Zonian the Markself (level 14, 0/92 HPs)
             Began as a Deep Elf Hunter on July 4, 2023.
             Was an Elder of Ashenzari.
             Killed from afar by Frances (42 damage)
             ... with a shard of ice
             ... on level 13 of the Dungeon on July 6, 2023.
             The game lasted 01:31:04 (29232 turns).

Zonian the Markself (Deep Elf Hunter)              Turns: 29232, Time: 01:31:16

Health: 0/92       AC: 10    Str:  8    XL:     14   Next: 42%
Magic:  27/32      EV: 22    Int: 18    God:    Ashenzari [****..]
Gold:   1484       SH: 21    Dex: 20    Spells: 22/37 levels left

rFire   . . .        d - +2 sling (elec)
rCold   . . .        I - +5 Storm Queen's Shield {shock, Fly rElec}
rNeg    . . .        b - +0 steam dragon scales "Cursed Together" {Comp, Fort} (curse)
rPois   .            (no helmet)
rElec   +            A - +0 cloak of the Wild Blue Yonder {Cun, Melee} (curse)
rCorr   .            W - +0 pair of gloves of Curses and Power {Alch, Evo} (curse)
SInv    +            E - +0 pair of boots "Share My Entitlement" {Alch, Bglg} (curse)
Will    +....        v - amulet "Mantic Minor Irritation" {Reflect SH+5, Melee, Cun} (curse)
Stlth   ++++         f - ring "Sidereal Prison" {EV+5, Melee, Elem} (curse)
HPRegen 0.35/turn    q - ring of the Bound Oblivion {Slay+4, Self, Bglg} (curse)
MPRegen 0.23/turn

%: reflection, clarity
@: flying
A: no striking features
a: Renounce Religion, Shatter the Chains


You were on level 13 of the Dungeon.
You worshipped Ashenzari.
Ashenzari was greatly pleased with you.
You visited 3 branches of the dungeon, and saw 19 of its levels.

You collected 1578 gold pieces.
You spent 94 gold pieces at shops.

Inventory:

Hand Weapons
 a - a +0 shortbow of flaming
 d - a +2 sling of electrocution (weapon)
 g - a +2 dagger of flaming
 p - a +1 sling of electrocution
 r - a +0 vampiric falchion
Missiles
 o - 46 poisoned darts
 z - 12 boomerangs
 K - 5 throwing nets
 R - 6 javelins
 X - 5 silver javelins
Armour
 b - the cursed +0 steam dragon scales "Cursed Together" (worn) {Comp, Fort}
   (You found it on level 8 of the Dungeon)

   It has a curse which improves the following skills: Companions: Summonings
   and Necromancy.
   Fortitude: Armour and Shields.
 A - the cursed +0 cloak of the Wild Blue Yonder (worn) {Cun, Melee}
   (You found it on level 6 of the Dungeon)

   It has a curse which improves the following skills: Cunning: Dodging and
   Stealth.
   Melee Combat: Short Blades, Long Blades, Axes, Maces & Flails, Polearms,
   Staves and Unarmed Combat.
 B - a +2 leather armour of fire resistance
 E - the cursed +0 pair of boots "Share My Entitlement" (worn) {Alch, Bglg}
   (You found it on level 6 of the Dungeon)

   It has a curse which improves the following skills: Alchemy: Poison Magic and
   Transmutations.
   Beguiling: Conjurations, Hexes and Translocations.
 H - a scarf of shadows
 I - the +5 Storm Queen's Shield (worn) {shock, Fly rElec}
   (You acquired it on level 12 of the Dungeon)

   Shock:     When it blocks an attack, it may electrocute the attacker.
   This works even against foes who are a short distance away.
   rElec:     It insulates you from electricity.
   Fly:       It grants you flight.
 U - a +0 cloak of stealth
 W - the cursed +0 pair of gloves of Curses and Power (worn) {Alch, Evo}
   (You found it on level 10 of the Dungeon)

   It has a curse which improves the following skills: Alchemy: Poison Magic and
   Transmutations.
   Evocations: Evocations.
Magical Staves
 V - the staff "Goewn" {Str+3 Stlth+ Conj}
   (You acquired it on level 12 of the Dungeon)

   [staff of conjuration]

   Base accuracy: +5 Base damage: 5 Base attack delay: 1.2 This weapon's minimum
   attack delay (0.6) is reached at skill level 12.
   Str:       It affects your strength (+3).
   Conj:      It increases the power of your Conjurations spells.
   Stlth:     It makes you more stealthy.
   It falls into the 'Staves' category.
   It is a one-handed weapon.
Jewellery
 f - the cursed ring "Sidereal Prison" (left hand) {EV+5, Melee, Elem}
   (You found it on level 1 of the Dungeon)

   [ring of evasion]

   EV:        It affects your evasion (+5).
   It has a curse which improves the following skills: Melee Combat: Short
   Blades, Long Blades, Axes, Maces & Flails, Polearms, Staves and Unarmed
   Combat.
   Elements:  Fire Magic, Ice Magic, Air Magic and Earth Magic.
 l - a ring of wizardry
 m - a ring of ice
 q - the cursed ring of the Bound Oblivion (right hand) {Slay+4, Self, Bglg}
   (You found it on level 3 of the Dungeon)

   [ring of slaying]

   Slay:      It affects your accuracy & damage with ranged weapons and melee
   (+4).
   It has a curse which improves the following skills: Introspection: Fighting
   and Spellcasting.
   Beguiling: Conjurations, Hexes and Translocations.
 v - the cursed amulet "Mantic Minor Irritation" (around neck) {Reflect SH+5, Melee, Cun}
   (You found it on level 5 of the Dungeon)

   [amulet of reflection]

   It reflects blocked missile attacks.
   SH:        It affects your SH (+5).
   It has a curse which improves the following skills: Melee Combat: Short
   Blades, Long Blades, Axes, Maces & Flails, Polearms, Staves and Unarmed
   Combat.
   Cunning:   Dodging and Stealth.
 y - a ring of willpower
 M - a +6 ring of dexterity
 P - a +5 ring of evasion
Wands
 k - a wand of mindburst (14)
 w - a wand of roots (4)
 D - a wand of polymorph (15)
 J - a wand of quicksilver (15)
 S - a wand of paralysis (10)
Scrolls
 c - a scroll of brand weapon
 h - 3 scrolls of immolation
 i - 2 scrolls of revelation
 N - 2 scrolls of blinking
 O - a scroll of fog
 Q - 2 scrolls of teleportation
 T - 3 scrolls of fear
 Z - a scroll of enchant armour
Potions
 e - 2 potions of haste
 j - a potion of berserk rage
 n - 2 potions of heal wounds
 s - 5 potions of curing
 t - a potion of enlightenment
 u - 4 potions of brilliance
 x - 3 potions of ambrosia
 C - a potion of attraction
 G - 3 potions of lignification
 L - 2 potions of might
Miscellaneous
 Y - a box of beasts (inert)


   Skills:
 - Level 11.0(12.7) Fighting
 - Level 15.3 Ranged Weapons
 - Level 4.0(5.7) Armour
 - Level 7.8(10.6) Dodging
 - Level 5.9(8.6) Stealth
 + Level 3.7(5.3) Shields
 - Level 10.2(12.0) Spellcasting
 + Level 5.2(7.9) Conjurations
 + Level 4.6(7.2) Hexes
 - Level 11.9(13.6) Summonings
 - Level 5.8(8.5) Translocations
 + Level 1.8(3.7) Transmutations
 - Level 6.0(7.8) Evocations


You had 22 spell levels left.
You knew the following spells:

 Your Spells              Type           Power      Damage    Failure   Level
a - Blink                 Tloc           82%        N/A       1%          2
b - Portal Projectile     Hex/Tloc       78%        N/A       3%          3
c - Call Canine Familiar  Summ           56%        N/A       1%          3
d - Momentum Strike       Conj/Tloc      80%        3d10      1%          2
e - Irradiate             Conj/Tmut      15%        3d16      61%         5

Your spell library contained the following spells:

 Spells                   Type           Power      Damage    Failure   Level
 Summon Small Mammal      Summ           100%       N/A       1%          1
 Lesser Beckoning         Tloc           82%        N/A       1%          2
 Summon Guardian Golem    Hex/Summ       48%        N/A       1%          3
 Iskenderun's Battlesphe  Conj           39%        2d9       32%         5
 Cigotuvi's Dreadful Rot  Necr/Pois/Air  22%        N/A       38%         2
 Ignite Poison            Fire/Tmut/Pois 16%        N/A       45%         3
 Leda's Liquefaction      Hex/Erth       12%        N/A       56%         4
 Blade Hands              Tmut           12%        N/A       88%         5
 Freezing Cloud           Conj/Ice/Air   10%        6-21      95%         5
 Spellforged Servitor     Conj/Summ      24%        N/A       97%         7
 Leda's Unmaking          Conj/Erth      12%        9d3       100%        6
 Dragon Form              Tmut           12%        N/A       100%        7
 Orb of Destruction       Conj           19%        9d8       100%        7


Dungeon Overview and Level Annotations

Branches:
Dungeon (13/15)            Temple (1/1) D:6            Lair (5/5) D:8
  Swamp (0/4) Lair:3       Spider (0/4) Lair:2        Slime (0/5) Lair:5
    Orc (0/2) D:9          Vaults (0/5) D:13

Altars:
Ashenzari
Cheibriados
Dithmenos
Elyvilon
Fedhas
Gozag
Hepliaklqana
Kikubaaqudgha
Okawaru
Qazlal
Ru
Sif Muna
Trog
Vehumet
Wu Jian
Xom
Yredelemnul
Zin
The Shining One
Jiyva
Lugonu

Shops:
D:2 (   D:13 (

Portals:
Abyss: Lair:1

Annotations:
D:8 5 runed translucent doors, Psyche
D:9 2 transporters
D:13 Frances
Lair:5 2 runed translucent doors


Message History

Fire: d) +2 sling (elec)
Press: ? - help, Q - select action, (/) - cycle Shift-Dir - straight line, f/p - Frances
Aim: Frances, wielding a +0 halberd and wearing a +4 scale mail of poison resistance (heavily wounded, fast, 78% to hit)
You shoot a sling bullet.
The sling bullet hits Frances but does no damage.
Frances is heavily wounded.
Fire: d) +2 sling (elec)
Press: ? - help, Q - select action, (/) - cycle Shift-Dir - straight line, f/p - Frances
Aim: Frances, wielding a +0 halberd and wearing a +4 scale mail of poison resistance (heavily wounded, fast, 78% to hit)
You shoot a sling bullet. The sling bullet hits Frances.
Frances is heavily wounded.
You block Frances's attack.
Frances hits you from afar with a +0 halberd!!
Fire: d) +2 sling (elec)
Press: ? - help, Q - select action, (/) - cycle Shift-Dir - straight line, f/p - Frances
Aim: Frances, wielding a +0 halberd and wearing a +4 scale mail of poison resistance (heavily wounded, fast, 78% to hit)
You shoot a sling bullet.
The sling bullet hits Frances but does no damage.
Lightning courses through Frances!
Frances is severely wounded.
You block Frances's attack.
Fire: d) +2 sling (elec)
Press: ? - help, Q - select action, (/) - cycle Shift-Dir - straight line, f/p - Frances
Aim: Frances, wielding a +0 halberd and wearing a +4 scale mail of poison resistance (severely wounded, fast, 78% to hit)
You shoot a sling bullet.
The sling bullet hits Frances but does no damage.
Frances is severely wounded.
You block Frances's attack.
Your shield discharges, shocking Frances!
Fire: d) +2 sling (elec)
Press: ? - help, Q - select action, (/) - cycle Shift-Dir - straight line, f/p - Frances
Aim: Frances, wielding a +0 halberd and wearing a +4 scale mail of poison resistance (severely wounded, fast, 78% to hit)
You shoot a sling bullet. The sling bullet hits Frances!
Lightning courses through Frances!
Frances is almost dead.
Frances whispers indecipherable words.
The entropic shot hits you!!
Frances whispers indecipherable words.
The shard of ice hits you!!!
You die...

........#####.#.)...# #.....
.#.#.#..............########.####
^#.....########.....#.........#
.###...# #####..............# .
###.# #.# ####.#########.# . #.#
###.# #.# ####.### .* #.###...#
##.## #....... .*
#.....#.#####...######.#.### ,*
#####..44@.@..∩........#.# ,
##.4#####...########.# ,* #..#
##.## #....# #..# #.# ######
.##########..###*##.# **
......ug.).....#,#<.#
######..###..#.. #..# * *
#.#*#..# #.## ,,, * ##,
#.#,....,, ..# , * *


You could see Frances (fast), an orange demon (summoned), an ice devil
(summoned) and a rust devil (summoned).

Vanquished Creatures
  4 hydras
  6 vault guards
  Fannar (Lair:1)
  3 two-headed ogres
  3 boulder beetles
  A tengu warrior (D:12)
  Sonja (D:13)
  Lodul (D:11)
  A pharaoh ant (Lair:1)
  A skyshark (Lair:4)
  A lindwurm (Lair:5)
  4 elephants
  5 black mambas
  Maurice (D:9)
  2 molten gargoyles (Lair:5)
  2 torpor snails
  12 cane toads
  3 gargoyles
  5 rime drakes
  An unseen horror (D:12)
  8 komodo dragons
  A polar bear (Lair:2)
  5 trolls
  A merfolk (D:10)
  A hornet (D:7)
  15 blink frogs
  3 dream sheep
  5 slime creatures
  A centaur simulacrum (D:11)
  A vampire (D:10)
  6 wyverns
  53 yaks
  2 shadows
  A spriggan (D:10)
  13 basilisks
  3 steam dragons
  5 vampire mosquitoes (D:12)
  2 redbacks (Lair:2)
  2 two-headed ogre zombies (D:9)
  5 acid dragons
  4 hell hounds (Lair:5)
  9 water moccasins
  3 ice beasts
  11 orc warriors
  2 black bears (Lair:2)
  13 ogres
  2 sky beasts
  14 wolves
  2 phantoms
  5 centaurs
  5 kobold brigands
  12 bullfrogs
  A necrophage (D:10)
  3 scorpions
  6 wights
  A troll zombie (D:9)
  13 killer bees
  7 howler monkeys
  A vampire bat (D:9)
  2 electric eels
  4 lava snakes (Lair:5)
  4 crimson imps
  A gnoll bouda (D:7)
  A hound (D:5)
  3 jellies
  12 orc priests
  3 iguanas
  9 hell rats (Lair:3)
  16 orc wizards
  5 ogre zombies (D:9)
  2 adders
  8 gnolls
  11 river rats (Lair:3)
  2 white imps
  3 worms
  3 dart slugs
  63 orcs
  11 endoplasms
  3 giant cockroaches (D:1)
  3 goblins
  5 hobgoblins
  9 jackals
  20 kobolds
  12 quokkas
  4 ball pythons
  14 bats
  A frilled lizard (D:3)
  3 goblin skeletons (D:9)
  5 goblin zombies (D:9)
  A hobgoblin skeleton (D:9)
  2 hobgoblin zombies (D:9)
  3 orc skeletons (D:9)
  11 orc zombies (D:9)
  12 rats
  A spectral orc (D:3)
  2 lurking horrors (Lair:1)
579 creatures vanquished.

Vanquished Creatures (collateral kills)
  Jorgrun (D:12)
  A redback (shapeshifter) (D:10)
2 creatures vanquished.

Grand Total: 581 creatures vanquished

Notes
Turn   | Place    | Note
-------+----------+-------------------------------------------
     0 | D:1      | Zonian the Deep Elf Hunter began the quest for the Orb.
     0 | D:1      | Reached XP level 1. HP: 12/12 MP: 3/3
    45 | D:1      | Found a faded altar of an unknown god.
    53 | D:1      | Reached XP level 2. HP: 16/17 MP: 4/4
   449 | D:1      | Reached XP level 3. HP: 21/21 MP: 5/5
   690 | D:2      | Found a snail-covered altar of Cheibriados.
   806 | D:2      | Found Waree's Antique Weapon Shoppe.
   810 | D:2      | Bought a runed sling for 94 gold pieces
   863 | D:2      | Reached skill level 6 in Ranged Weapons
  1023 | D:3      | Reached XP level 4. HP: 27/27 MP: 6/6
  1122 | D:3      | Found a hazy altar of Hepliaklqana.
  1708 | D:3      | Reached XP level 5. HP: 31/31 MP: 7/7
  2264 | D:4      | Reached XP level 6. HP: 37/37 MP: 8/8
  2265 | D:4      | Reached skill level 7 in Ranged Weapons
  2667 | D:4      | Found a snail-covered altar of Cheibriados.
  2700 | D:5      | Entered Level 5 of the Dungeon
  2700 | D:5      | Noticed an ice beast
  2706 | D:5      | Killed an ice beast
  2707 | D:5      | Reached skill level 5 in Stealth
  2783 | D:5      | Reached XP level 7. HP: 42/42 MP: 9/9
  3506 | D:6      | Reached skill level 8 in Ranged Weapons
  3709 | D:6      | Found an ancient bone altar of Kikubaaqudgha.
  3851 | D:6      | Reached skill level 9 in Ranged Weapons
  4017 | D:6      | Found a radiant altar of Vehumet.
  4033 | D:6      | Reached skill level 5 in Fighting
  4033 | D:6      | Reached XP level 8. HP: 49/49 MP: 10/10
  4487 | D:6      | Found a staircase to the Ecumenical Temple.
  4694 | Temple   | Entered the Ecumenical Temple
  4733 | Temple   | Became a worshipper of Ashenzari the Shackled
  4803 | D:7      | Reached skill level 10 in Ranged Weapons
  5104 | D:7      | Noticed a hornet
  5106 | D:7      | Killed a hornet
  5109 | D:7      | Reached skill level 11 in Ranged Weapons
  5359 | D:7      | Reached XP level 9. HP: 56/56 MP: 11/11
  6340 | D:8      | Reached skill level 12 in Ranged Weapons
  6348 | D:8      | Reached * piety under Ashenzari
  6942 | D:8      | Found a runed translucent door.
  6950 | D:8      | Found a runed translucent gate.
  6952 | D:8      | Found a runed translucent gate.
  6952 | D:8      | Found a runed translucent gate.
  6960 | D:8      | Found a runed translucent door.
  7102 | D:8      | Found the +9 staff of Olgreb {rPois∞}
  7295 | D:8      | Noticed Psyche
  7423 | D:8      | Reached skill level 13 in Ranged Weapons
  7559 | D:8      | Reached ** piety under Ashenzari
  7628 | D:8      | Found a staircase to the Lair.
  7805 | Lair:1   | Entered Level 1 of the Lair of Beasts
  7823 | Lair:1   | Reached XP level 10. HP: 60/66 MP: 12/12
  8281 | Lair:1   | Noticed Fannar
  8299 | Lair:1   | Killed Fannar
  8300 | Lair:1   | Reached skill level 14 in Ranged Weapons
  8300 | Lair:1   | Reached skill level 5 in Dodging
  8308 | Lair:1   | Learned a level 2 spell: Blink
  8379 | Lair:1   | Reached skill level 1 in Spellcasting
  8421 | Lair:1   | Reached skill level 1 in Translocations
  8588 | Lair:1   | Learned a level 3 spell: Portal Projectile
  8976 | Lair:1   | Reached skill level 1 in Hexes
  9491 | Lair:1   | Found a corrupted altar of Lugonu.
  9495 | Lair:1   | Found a one-way gate to the infinite horrors of the Abyss.
  9634 | Lair:2   | Noticed a torpor snail
  9640 | Lair:2   | Noticed an eight-headed hydra
  9644 | Lair:2   | Noticed a cane toad
  9673 | Lair:2   | Reached XP level 11. HP: 18/73 MP: 19/21
  9852 | Lair:2   | Found a hole to the Spider Nest.
  9852 | Lair:2   | Noticed a pharaoh ant
  9874 | Lair:2   | Upgraded the game from 0.31-a0-221-gbddc013574 to
                  | 0.31-a0-222-gefeffbb62a
  9902 | Lair:1   | Killed a pharaoh ant
  9903 | Lair:1   | Reached skill level 5 in Spellcasting
 10545 | Lair:2   | Reached skill level 5 in Translocations
 10894 | Lair:2   | Reached *** piety under Ashenzari
 10973 | Lair:2   | Reached skill level 1 in Evocations
 11367 | Lair:2   | Reached skill level 10 in Fighting
 12649 | Lair:2   | Killed an eight-headed hydra
 13617 | Lair:3   | Noticed a five-headed hydra
 13635 | Lair:3   | Killed a five-headed hydra
 13809 | Lair:3   | Found a staircase to the Swamp.
 13820 | Lair:3   | Noticed a boulder beetle
 13827 | Lair:3   | Noticed a fire crab
 13953 | Lair:3   | Reached **** piety under Ashenzari
 14326 | Lair:3   | Killed a boulder beetle
 14327 | Lair:3   | Reached skill level 1 in Summonings
 14327 | Lair:3   | Reached XP level 12. HP: 82/82 MP: 23/26
 14344 | Lair:3   | Learned a level 3 spell: Call Canine Familiar
 14487 | Lair:4   | Reached skill level 1 in Armour
 14487 | Lair:4   | Reached skill level 1 in Shields
 15161 | Lair:4   | Reached skill level 5 in Summonings
 15960 | Lair:5   | Entered Level 5 of the Lair of Beasts
 18264 | Lair:4   | Reached XP level 13. HP: 57/87 MP: 24/29
 18532 | Lair:4   | Reached skill level 5 in Evocations
 19387 | Lair:5   | Found a viscous altar of Jiyva.
 19387 | Lair:5   | Found a staircase to the Slime Pits.
 20753 | Lair:5   | Found a large runed translucent door.
 21780 | Lair:5   | Reached skill level 10 in Spellcasting
 21960 | Lair:5   | Noticed a fire dragon
 21979 | Lair:5   | Found a large runed translucent door.
 22585 | D:9      | Found a staircase to the Orcish Mines.
 22856 | D:9      | Noticed Maurice
 22861 | D:9      | Killed Maurice
 22877 | D:9      | Reached skill level 10 in Summonings
 22910 | D:9      | Found a shimmering altar of Xom.
 23066 | D:9      | Found a transporter.
 23070 | D:9      | Found a transporter.
 23077 | D:9      | Found a sacrificial altar of Ru.
 23077 | D:9      | Found a shadowy altar of Dithmenos.
 23078 | D:9      | Found a bloodstained altar of Trog.
 23202 | D:10     | Entered Level 10 of the Dungeon
 23226 | D:10     | Found an iron altar of Okawaru.
 23249 | D:10     | Identified 2 scrolls of acquirement
 23383 | D:10     | Reached skill level 15 in Ranged Weapons
 23607 | D:10     | Reached ***** piety under Ashenzari
 24289 | D:10     | Found a blossoming altar of Fedhas.
 24695 | D:11     | Noticed Lodul
 24721 | D:11     | Killed Lodul
 25842 | D:12     | Reached XP level 14. HP: 86/94 MP: 32/32
 25956 | D:12     | Learned a level 2 spell: Momentum Strike
 26077 | D:12     | Reached skill level 1 in Conjurations
 26936 | D:13     | Found a gate to the Vaults.
 27709 | D:13     | Noticed Jorgrun
 28339 | D:13     | Found Qebutugu's Antique Weapon Boutique.
 28371 | D:13     | Learned a level 5 spell: Irradiate
 28494 | D:13     | Noticed Sonja
 28512 | D:13     | Reached skill level 1 in Transmutations
 28765 | D:12     | Acquired the +5 Storm Queen's Shield {shock, Fly rElec}
 28765 | D:12     | Found the +5 Storm Queen's Shield {shock, Fly rElec}
 28775 | D:12     | Acquired the staff "Goewn" {Str+3 Stlth+ Conj}
 28789 | D:13     | Killed Sonja
 28790 | D:13     | Reached skill level 5 in Conjurations
 29065 | D:12     | Killed Jorgrun
 29208 | D:13     | Noticed Frances
 29232 | D:13     | Killed from afar by Frances

Illustrated notes

Levels and vault maps discovered:
D:1:      ebering_trefoil_3fold, layout_basic,
          shapermc_ecumenical_altar_starsandcircs
D:2:      layout_rooms, serial_shops, nicolae_shop_pleasant_corner_grove,
          basic_altar
D:3:      layout_rooms, nicolae_hepliaklqana_monster_ancestors,
          grunt_ministairs_15
D:4:      layout_basic, mainiacjoe_overflow_alcove_4
D:5:      layout_loops_ring
D:6:      layout_basic, mainiacjoe_overflow_catwalk, vehumet_crystals,
          minmay_temple_entry_statues_fountains, hangedman_decor_growths
D:7:      layout_loops_corners, grunt_ministairs_9,
          chequers_serial_rivers_large_b
D:8:      layout_cave_pools, lair_entry_dummy,
          minmay_guarded_unrand_staff_of_olgreb, uniq_psyche
D:9:      layout_loops_ring, led_xom_imps, gammafunk_temple_overflow_arena,
          zombieorc2_lemuel, roderic_batcave, uniq_maurice
D:10:     minmay_four_partial_circles, layout_loops_ring,
          mainiacjoe_overflow_surrounded_room, kennysheep_mini_moat,
          special_room [special_room_orc], hangedman_stone_soup
D:11:     layout_roguey, uniq_lodul
D:12:     layout_loops_corners, portal_ice_cave_entry_pillars_1
D:13:     layout_loops_ring, erik_vaults_2, serial_shops,
          nicolae_shop_statue_plus, serial_glass, glass_columns_a,
          glass_columns_a, uniq_frances, uniq_sonja, uniq_jorgrun
Temple:   hellmonk_temple_forest_ring
Lair:1:   layout_concentric_octagons, amcnicky_altar_lugonu_corruption,
          serial_bayou_shore_a, uniq_fannar
Lair:2:   layout_roguey, nicolae_spider_entry_lesser_pyramids,
          gauntlet_entry_generic, pdpol_lair_cavern_descent,
          infiniplex_staircase_pool_2
Lair:3:   lemuel_ratsnest, layout_hall_layers, swamp_mist
Lair:4:   layout_layer_cave, grunt_megastairs_1
Lair:5:   cheibrodos_lair_end_hotspot, layout_cave_pods,
          dpeg_slime_entry_enclosed, minivault_23

Skill      XL: |  1  2  3  4  5  6  7  8  9 10 11 12 13 14 |
---------------+-------------------------------------------+-----
Stealth        | 2 3 4 5 |  5.9
Fighting       | 2 3 5 6 8 9 10 11 | 11.0
Ranged Weapons | 6 7 9 11 13 14 15 | 15.3
Dodging        | 3 5 6 7 |  7.8
Spellcasting   | 4 6 8 10 | 10.2
Translocations | 3 5 |  5.8
Hexes          | 2 4 |  4.6
Evocations     | 4 6 |  6.0
Summonings     | 1 8 10 11 | 11.9
Armour         | 2 4 |  4.0
Shields        | 3 |  3.7
Conjurations   | 5 |  5.2
Transmutations | 1 |  1.8

Action                     |  1- 3 |  4- 6 |  7- 9 | 10-12 | 13-15 || total
---------------------------+-------+-------+-------+-------+-------++-------
   Fire: Shortbow          |    91 |       |       |       |       ||    91
         Sling             |    16 |   105 |   283 |   858 |  1146 ||  2408
  Throw: Dart              |       |       |       |       |     1 ||     1
         Throwing net      |       |       |       |       |     1 ||     1
   Cast: Blink             |       |       |       |     7 |     7 ||    14
         Call Canine Famil |       |       |       |     4 |    13 ||    17
 Invoke: Curse Item        |       |       |     3 |     3 |     2 ||     8
         Shatter the Chain |       |       |       |       |     1 ||     1
  Evoke: Wand              |       |     1 |     2 |    10 |     4 ||    17
         Box of beasts     |       |       |       |       |     1 ||     1
    Use: Scroll            |       |    10 |     5 |     3 |     5 ||    23
         Potion            |       |     2 |     3 |     4 |     1 ||    10
 Armour: Leather armour    |     2 |     5 |     8 |       |       ||    15
         Steam dragon scal |       |       |       |    28 |    38 ||    66
  Dodge: Dodged            |    34 |    25 |    62 |   208 |   277 ||   606
  Block: Other             |       |       |    16 |    25 |       ||    41
         Buckler           |       |       |       |    86 |   246 ||   332
         Reflection        |       |       |       |     1 |    24 ||    25
         Kite shield       |       |       |       |       |     6 ||     6

Table legend: (Time is in decaauts)
 A = Elapsed time spent in this place.
 B = Non-inter-level travel time spent in this place.
 C = Inter-level travel time spent in this place.
 D = Time resting spent in this place.
 E = Time spent auto-exploring this place.
 F = Levels seen in this place.
 G = Mean time per level.
                   A        B        C        D        E       F      G
               +--------+--------+--------+--------+--------+-----+--------+
         Total |  28827 |  27857 |    970 |  11916 |   9643 |  19 | 1517.2 |
       Dungeon |  14443 |  13988 |    455 |   4352 |   6942 |  13 | 1111.0 |
        Temple |     60 |     39 |     21 |      0 |     26 |   1 |   60.0 |
          Lair |  14323 |  13829 |    494 |   7564 |   2674 |   5 | 2864.6 |
               +--------+--------+--------+--------+--------+-----+--------+

Top non-repeatable levels by time:
  Lair:4: 4579 daAuts
  Lair:5: 3129 daAuts
  Lair:1: 2675 daAuts
    D:12: 2463 daAuts
  Lair:2: 2373 daAuts
     D:7: 2098 daAuts
  Lair:3: 1565 daAuts
    D:10: 1400 daAuts
     D:6: 1266 daAuts
     D:3: 1057 daAuts
     D:8: 1026 daAuts
    D:11: 1019 daAuts
    D:13: 990 daAuts
     D:5: 760 daAuts
     D:9: 688 daAuts
